 Dungeon Crawl Stone Soup version 0.19.4-12-gccf7e64 (webtiles) character file.

299 Magnus the Slasher (level 6, -8/35 HPs)
             Began as a Tengu Gladiator on Feb 26, 2017.
             Mangled by an iguana (11 damage)
             ... on level 5 of the Dungeon.
             The game lasted 00:07:24 (4317 turns).

Magnus the Slasher (Tengu Gladiator)                Turns: 4317, Time: 00:07:24

Health: -8/35      AC:  3    Str: 15    XL:     6   Next: 36%
Magic:  7/7        EV: 13    Int:  8    God:
Gold:   275        SH:  0    Dex: 17    Spells: 0 memorised, 5 levels left

rFire  . . .     SeeInvis .     a - +1 long sword
rCold  . . .     Gourm    .     b - +0 leather armour
rNeg   . . .     Faith    .     (no shield)
rPois  .         Spirit   .     c - +0 hat
rElec  .         Reflect  .     (no cloak)
rCorr  .         Harm     .     (no gloves)
MR     .....                    (boots unavailable)
Stlth  +.........               n - amulet of rage
                                (no ring)
                                (no ring)

@: no status effects
A: beak, talons 3, able to fly 1
a: Fly, Evoke Berserk Rage


You were on level 5 of the Dungeon.
You were hungry.

You visited 1 branch of the dungeon, and saw 5 of its levels.

You collected 275 gold pieces.

Inventory:

Hand Weapons
 a - a +1 long sword (weapon)
Missiles
 d - 3 throwing nets (quivered)
Armour
 b - a +0 leather armour (worn)
 c - a +0 hat (worn)
Jewellery
 n - an amulet of rage (around neck)
 t - an uncursed amulet of the gourmand {unknown}
Wands
 h - a wand of random effects (26/48)
 q - a wand of polymorph (12/24)
Scrolls
 e - a scroll of teleportation
 m - a scroll of identify
 p - 2 scrolls of remove curse
 r - a scroll of immolation
 s - a scroll of enchant armour {unknown}
Potions
 g - a potion of cancellation {unknown}
 i - a potion of might {unknown}
 j - a potion of brilliance {unknown}
 k - 4 potions of curing
 o - a potion of berserk rage {unknown}
 u - 2 potions of heal wounds {unknown}
Comestibles
 f - 2 bread rations
 l - a meat ration


   Skills:
 - Level 2.0 Fighting
 + Level 7.6 Long Blades
 - Level 2.0 Throwing
 - Level 3.2 Dodging


You had 5 spell levels left.
You didn't know any spells.

Dungeon Overview and Level Annotations

Branches:
Dungeon (5/15)
 Temple: D:4-7

Altars:

Annotations:
D:4 Magnus's ghost, amateur TeGl


Innate Abilities, Weirdness & Mutations

You have a beak for a mouth.
You have claws for feet.
You can fly.


Message History

The iguana bites you!
You hit the iguana but do no damage. You claw the iguana, but do no damage.
You peck the iguana.
The iguana is moderately wounded.
The iguana bites you!
You closely miss the iguana.
The iguana is moderately wounded.
The iguana misses you.
You riposte.
You hit the iguana.
The iguana is moderately wounded.
You completely miss the iguana. You claw the iguana, but do no damage.
The iguana is moderately wounded.
The iguana bites you.
You hit the iguana.
The iguana is severely wounded.
The iguana bites you!
* * * LOW HITPOINT WARNING * * *
You hit the iguana but do no damage. Your kick misses the iguana.
The iguana is severely wounded.
The iguana bites you!
You die...

##### ######### #...#
#.......#####.#.#
######.#####.#.....#.#
#.....@.# #.##.####.#
#.....l.# #....# #<#
#.......# ####.# ###
.......... ###
##........# ##########


You could see an iguana.

Vanquished Creatures
  An ogre (D:3)
  Jessica (D:2)
  2 worker ants (D:4)
  A worker ant zombie (D:3)
  6 adders
  2 worms
  3 leopard geckos
  7 orcs
  2 ball pythons
  7 bats
  A giant cockroach (D:3)
  6 hobgoblins
  6 jackals (D:3)
  7 kobolds
  A quokka (D:2)
  4 frilled lizards (D:2)
  6 goblins
  5 rats
  A bush (D:4)
  A fungus (D:2)
70 creatures vanquished.

Vanquished Creatures (others)
  3 fungi (D:2)
3 creatures vanquished.

Grand Total: 73 creatures vanquished

Notes
Turn   | Place    | Note
-------+----------+-------------------------------------------
     0 | D:1      | Magnus the Tengu Gladiator began the quest for the Orb.
     0 | D:1      | Reached XP level 1. HP: 12/12 MP: 2/2
   461 | D:1      | Reached XP level 2. HP: 17/17 MP: 3/3
   727 | D:2      | Reached skill level 4 in Long Blades
  1027 | D:2      | Noticed Jessica
  1041 | D:2      | Killed Jessica
  1041 | D:2      | Reached skill level 5 in Long Blades
  1041 | D:2      | Reached XP level 3. HP: 18/21 MP: 4/4
  1171 | D:2      | Reached XP level 4. HP: 24/26 MP: 5/5
  2019 | D:3      | Reached skill level 6 in Long Blades
  2019 | D:3      | Gained mutation: You can fly. [Tengu growth]
  2019 | D:3      | Reached XP level 5. HP: 30/30 MP: 6/6
  2135 | D:3      | Noticed an ogre
  2145 | D:3      | Killed an ogre
  2145 | D:3      | Reached skill level 7 in Long Blades
  2426 | D:3      | Reached XP level 6. HP: 35/35 MP: 7/7
  3594 | D:4      | Noticed Magnus's ghost (amateur TeGl)
  4209 | D:5      | Entered Level 5 of the Dungeon
  4317 | D:5      | Mangled by an iguana

Skill      XL: |  1  2  3  4  5 |
---------------+----------------+-----
Long Blades    | 5 6 7 |  7.6
Fighting       | |  2.0
Throwing       | |  2.0
Dodging        | |  3.2

Action                   |  1- 3 |  4- 6 || total
-------------------------+-------+-------++-------
Melee: Long sword        |    32 |   189 ||   221
       Kick              |     5 |    93 ||    98
       Peck              |     6 |    63 ||    69
  Use: Scroll            |       |     7 ||     7
 Stab: Sleeping          |     2 |     1 ||     3
  Eat: Chunk             |       |    10 ||    10
Armor: Leather armour    |     3 |    20 ||    23
Dodge: Dodged            |    22 |    84 ||   106
       Rpst.: Long sword |     5 |    33 ||    38
